 Dungeon Crawl Stone Soup version 0.29-a0-341-g24ffce5b50 (webtiles) character file.

Game seed: 14116516271279542396

130876 Ijustatesigmund the Geomancer (level 16, -4/87 HPs)
             Began as a Deep Elf Fire Elementalist on Apr 19, 2022.
             Was the Champion of Cheibriados.
             Slain by a spriggan druid
             ... wielding a +0 quarterstaff
              (12 damage)
             ... on level 2 of the Swamp on Apr 20, 2022.
             The game lasted 02:36:53 (41445 turns).

Ijustatesigmund the Geomancer (DEFE)               Turns: 41445, Time: 02:36:55

Health: -4/87      AC: 24    Str: 20    XL:     16   Next: 54%
Magic:  8/55       EV: 33    Int: 49    God:    Cheibriados [******]
Gold:   641        SH: 17    Dex: 30    Spells: 2/37 levels left

rFire   + + .      SeeInvis .   i - +5 dagger
rCold   . . .      Faith    .   m - +4 kite shield {AC+3}
rNeg    . . .      Spirit   .   I - +0 swamp dragon scales
rPois   +          Reflect  .   y - +3 hat of Pondering {ponderous, Will+ MP+10 Int+5}
rElec   +          Harm     .   w - +2 cloak of Omission {rF+}
rCorr   +          Rampage  .   S - +0 pair of gloves
Will    ++...      Clarity  +   a - +1 pair of boots "Raghuig" {Drain rElec rCorr Int+2}
Stlth   +++.......              d - amulet of the acrobat
HPRegen 0.24/turn               f - ring of protection from fire
MPRegen 0.34/turn               u - ring of magical power

@: acrobatic, very slow
A: iridescent scales 1, clarity, dopey 1, high MP 1
a: Renounce Religion, Bend Time, Temporal Distortion, Slouch, Step From Time


You were on level 2 of the Swamp.
You worshipped Cheibriados.
Cheibriados was exalted by your worship.
You visited 5 branches of the dungeon, and saw 27 of its levels.
You also visited: Volcano.

You collected 3846 gold pieces.
You spent 3205 gold pieces at shops.

Inventory:

Hand Weapons
 g - a +2 short sword of holy wrath
 i - a +5 dagger (weapon)
Missiles
 L - 4 curare-tipped darts
 M - 5 throwing nets
Armour
 a - the +1 pair of boots "Raghuig" (worn) {Drain rElec rCorr Int+2}
   (You found it on level 1 of the Swamp)

   Int:       It affects your intelligence (+2).
   rElec:     It insulates you from electricity.
   rCorr:     It protects you from acid and corrosion.
   Drain:     It drains your maximum health when unequipped.
 m - a +4 kite shield of protection (worn)
 t - a +1 helmet
 w - the +2 cloak of Omission (worn) {rF+}
   (You acquired it on level 10 of the Dungeon)

   rF:        It protects you from fire.
 y - the +3 hat of Pondering (worn) {ponderous, Will+ MP+10 Int+5}
   (You took it off Gastronok on level 1 of the Lair of Beasts)

   Int:       It affects your intelligence (+5).
   MP:        It affects your magic capacity (+10).
   Will:      It increases your willpower.
 C - the +1 robe "Decvun" {rC+ Str+2 SInv}
   (You found it on level 1 of the Lair of Beasts)

   Str:       It affects your strength (+2).
   rC:        It protects you from cold.
   SInv:      It lets you see invisible.
 D - the +5 steam dragon scales of the Orb Guardian {SInv}
   (You bought it in a shop on level 10 of the Dungeon)

   SInv:      It lets you see invisible.
 F - a +3 leather armour of fire resistance
 I - +0 swamp dragon scales (worn)
 S - a +0 pair of gloves (worn)
Jewellery
 d - an amulet of the acrobat (around neck)
 f - a ring of protection from fire (left hand)
 l - an amulet of faith
 o - an amulet of magic regeneration
 r - a ring of positive energy
 u - a ring of magical power (right hand)
 E - a ring of positive energy
 J - a ring of protection from cold
 K - a ring of protection from cold
 P - a ring of protection from fire
 V - a ring of protection from cold
 W - the ring "Vuodacad" {rF+ Str+6}
   (You took it off a deep elf pyromancer on level 15 of the Dungeon)

   [ring of strength]

   Str:       It affects your strength (+6).
   rF:        It protects you from fire.
Wands
 e - a wand of polymorph (8)
 h - a wand of iceblast (6)
 A - a wand of digging (4)
 B - a wand of flame (16)
 O - a wand of charming (10)
 U - a wand of paralysis (6)
Scrolls
 j - 2 scrolls of holy word
 k - 8 scrolls of immolation
 p - 3 scrolls of vulnerability
 q - 2 scrolls of fog
 x - 7 scrolls of identify
 X - a scroll of enchant weapon
Potions
 b - 5 potions of lignification
 c - 5 potions of mutation
 n - 4 potions of curing
 z - 3 potions of attraction
 H - a potion of berserk rage
 N - 2 potions of flight
 Q - a potion of brilliance
 T - 6 potions of might
Miscellaneous
 R - a condenser vane


   Skills:
 - Level 5.0 Fighting
 - Level 2.3 Short Blades
 + Level 7.5 Armour
 - Level 8.8 Dodging
 - Level 10.4 Stealth
 + Level 6.3 Shields
 - Level 11.2 Spellcasting
 - Level 13.8 Conjurations
 - Level 6.3 Summonings
 - Level 6.8 Transmutations
 - Level 10.4 Fire Magic
 - Level 13.8 Earth Magic
 - Level 12.4 Invocations


You had 2 spell levels left.
You knew the following spells:

 Your Spells              Type           Power      Damage    Failure   Level
a - Foxfire               Conj/Fire      100%       2x1d9     1%          1
b - Scorch                Fire           100%       2d10      1%          2
c - Flame Wave            Conj/Fire      98%        2d16      1%          4
d - Stone Arrow           Conj/Erth      100%       3d13      1%          3
e - Iron Shot             Conj/Erth      52%        9d10      1%          6
f - Statue Form           Tmut/Erth      60%        N/A       8%          6
g - Starburst             Conj/Fire      49%        6d13      3%          6
h - Spellforged Servitor  Conj/Summ      45%        N/A       43%         7

Your spell library contained the following spells:

 Spells                   Type           Power      Damage    Failure   Level
 Sandblast                Erth           100%       2d20      0%          1
 Shock                    Conj/Air       100%       1d9       1%          1
 Passwall                 Tmut/Erth      75%        N/A       1%          2
 Slow                     Hex            100%       N/A       3%          1
 Corpse Rot               Necr/Air       54%        N/A       5%          2
 Call Canine Familiar     Summ           73%        N/A       1%          3
 Conjure Flame            Conj/Fire      98%        6-21      1%          3
 Dazzling Flash           Conj/Hex       100%       N/A       1%          3
 Inner Flame              Hex/Fire       68%        N/A       1%          3
 Animate Armour           Summ/Erth      100%       N/A       1%          4
 Iskenderun's Mystic Bla  Conj/Tloc      76%        2d15      1%          4
 Leda's Liquefaction      Hex/Erth       38%        N/A       1%          4
 Petrify                  Tmut/Erth      91%        N/A       1%          4
 Iskenderun's Battlesphe  Conj           100%       2d15      1%          5
 Blade Hands              Tmut           38%        N/A       6%          5
 Confusing Touch          Hex            27%        N/A       11%         3
 Ozocubu's Armour         Ice            27%        N/A       11%         3
 Portal Projectile        Hex/Tloc       54%        N/A       11%         3
 Swiftness                Air            27%        N/A       11%         3
 Tukima's Dance           Hex            27%        N/A       11%         3
 Vampiric Draining        Necr           27%        2d7       11%         3
 Airstrike                Air            13%        N/A       34%         4
 Anguish                  Hex/Necr       13%        N/A       34%         4
 Animate Dead             Necr           13%        N/A       34%         4
 Agony                    Necr           27%        N/A       69%         5
 Excruciating Wounds      Necr           13%        N/A       69%         5
 Metabolic Englaciation   Hex/Ice        13%        N/A       69%         5
 Enfeeble                 Hex            13%        N/A       100%        7
 Haunt                    Necr/Summ      27%        N/A       100%        7
 Ozocubu's Refrigeration  Ice            13%        4d7       100%        7
 Infestation              Necr           13%        N/A       100%        8
 Maxwell's Capacitive Co  Air            13%        ∞         100%        8


Dungeon Overview and Level Annotations

Branches:
Dungeon (15/15)            Temple (0/1) D:5            Lair (6/6) D:11
  Swamp (3/4) Lair:2        Snake (1/4) Lair:3        Slime (0/5) Lair:6
    Orc (2/2) D:12            Elf (0/3) Orc:2        Vaults (0/5) D:14
 Depths (0/4) D:15        Volcano (visited)

Altars:
Ashenzari
Cheibriados
Fedhas
Hepliaklqana
Qazlal
Sif Muna
Trog
Uskayaw
Xom
Yredelemnul
The Shining One

Shops:
D:2 ([(   D:6 :   D:8 (   D:10 [   Orc:2 :*[*

Annotations:
Orc:2 2 transporters, oberejnoburuli's ghost, adept HuIE


Innate Abilities, Weirdness & Mutations

You are partially covered in iridescent scales. (AC +2)
You possess an exceptional clarity of mind.
You are dopey. (Int -2)
You have an increased reservoir of magic. (+10% MP)


Message History

You block the seven-headed hydra's attack.
The seven-headed hydra completely misses you. x2
You block the seven-headed hydra's attack.
The seven-headed hydra misses you. The seven-headed hydra bites you.
The seven-headed hydra completely misses you.
The alligator misses you. The alligator completely misses you.
The eleionoma hits you.
The seven-headed hydra barely misses you.
The seven-headed hydra completely misses you.
The seven-headed hydra misses you.
You block the seven-headed hydra's attack.
The seven-headed hydra barely misses you.
The seven-headed hydra completely misses you. x2
You block the spriggan druid's attack. The alligator completely misses you. x2
The eleionoma completely misses you. The eleionoma attacks as you move away!
The eleionoma closely misses you.
You enter the shallow water.
Moving in this stuff is going to be slow.
A root smacks you from below.
* * * LOW HITPOINT WARNING * * *
A tree reaches out and hits you!
* * * LOW HITPOINT WARNING * * *
You block the seven-headed hydra's attack.
The seven-headed hydra completely misses you. x2
You block the seven-headed hydra's attack.
The seven-headed hydra bites you.
* * * LOW HITPOINT WARNING * * *
The seven-headed hydra completely misses you.
You block the seven-headed hydra's attack.
The spriggan druid completely misses you.
The alligator closely misses you. The alligator completely misses you.
The seven-headed hydra bites you but does no damage.
The seven-headed hydra misses you.
You block the seven-headed hydra's attack.
The seven-headed hydra completely misses you. x2
The seven-headed hydra bites you.
* * * LOW HITPOINT WARNING * * *
The seven-headed hydra completely misses you.
The spriggan druid hits you with a +0 quarterstaff!
You die...

♣♣♣ ♣ ♣.♣ ..♣♣♣ ♣♣♣.♣♣
≈≈..≈♣ ♣♣♣>...♣♣
≈.....♣♣♣≈DRt≈≈.♣♣
≈..≈.≈≈..§i@♣..≈≈♣♣
≈≈.≈.≈...≈≈≈♣♣≈..≈♣
♣♣w....†..≈♣≈♣♣...♣♣♣
♣.≈≈≈≈..≈..≈≈≈♣...<≈♣♣
..≈≈≈.≈≈≈≈†.≈≈≈≈.≈≈≈.♣
≈≈≈≈♣.♣.#≈≈≈#♣♣♣.≈≈.♣♣
...≈.♣≈≈#.†#)≈ ♣♣.≈≈≈♣
≈≈.♣♣♣§≈#≈§≈#≈♣ ♣.≈≈.♣
≈. ♣≈≈##†#≈≈≈♣♣....♣


You could see an eleionoma, an alligator (swift), a seven-headed hydra and a
spriggan druid.

Vanquished Creatures
  Nikola (Swamp:1)
  Jorgrun (Swamp:1)
  Frances (Swamp:1)
  Agnes (D:15)
  Gastronok (Lair:1)
  An orc warlord (Orc:2)
  A quicksilver ooze (shapeshifter) (D:15)
  A very ugly thing (D:15)
  2 bunyips
  An eleionoma (Swamp:1)
  Josephine (Swamp:1)
  The ghost of Jortsu the Blocker, a journeyman GnFi of the Shining One (D:10)
  A vault guard (D:14)
  Harold (Lair:2)
  6 centaur warriors
  6 two-headed ogres
  5 boulder beetles
  14 hydras
  A spriggan air mage (Swamp:1)
  A merfolk avatar (Lair:6)
  3 catoblepae
  An alligator (Swamp:3)
  A death knight (D:15)
  An anaconda (Snake:1)
  2 tengu warriors (D:14)
  Urug (Lair:2)
  An orc high priest (Orc:2)
  Sonja (Lair:2)
  2 shock serpents (Snake:1)
  Amaemon (Lair:3)
  3 skeletal warriors (D:13)
  2 goliath frogs (Swamp:1)
  A spriggan druid (Swamp:1)
  2 sea snakes (Lair:6)
  5 swamp dragons
  A glowing orange brain (D:15)
  A bog body (Swamp:1)
  A deep elf archer (Volcano)
  A harpy (Lair:6)
  Pikel (D:7)
  A mana viper (Snake:1)
  10 deep elf pyromancers
  2 orc knights (Orc:2)
  5 oklob plants (Lair:6)
  4 will-o-the-wisps
  12 ugly things
  2 manticores
  8 cyclopes
  6 orc sorcerers
  Maurice (D:11)
  7 elephants
  8 black mambas
  3 gargoyles
  A guardian serpent (Snake:1)
  12 cane toads
  A torpor snail (Lair:2)
  An orange demon (Lair:3)
  2 unseen horrors (D:11)
  4 rime drakes
  A kobold demonologist (D:7)
  11 komodo dragons
  An efreet (D:15)
  6 trolls
  A troll (shapeshifter) (D:15)
  A wind drake (Lair:6)
  3 meliai (D:14)
  3 hydra zombies (Swamp:1)
  7 tyrant leeches
  3 polar bears (Lair:6)
  8 hornets
  10 dream sheep
  Grinder (D:3)
  31 blink frogs
  A snapping turtle (Lair:6)
  12 slime creatures
  5 spriggans
  3 shadows
  8 wraiths
  41 yaks
  A wyvern (Lair:4)
  6 fire elementals (Volcano)
  5 basilisks
  10 humans (D:14)
  4 steam dragons
  5 vampire mosquitoes
  A warg (Orc:2)
  6 nagas
  3 acid dragons
  5 swamp worms
  13 water moccasins
  6 hell hounds (Volcano)
  2 swamp drakes
  An ice beast (D:5)
  5 sky beasts
  28 orc warriors
  8 ogres
  4 lemures
  31 wolves
  12 centaurs
  2 phantoms
  14 bullfrogs
  2 kobold brigands
  2 necrophages (D:5)
  A water moccasin zombie (D:5)
  2 scorpions
  13 wights
  3 killer bees
  4 electric eels
  4 howler monkeys
  A centaur zombie (D:5)
  A human zombie (D:5)
  2 jellies
  26 orc priests
  A hound (D:6)
  2 iguanas
  Terence (D:2)
  45 orc wizards
  4 mummies (D:5)
  3 howler monkey zombies (D:5)
  Robin (D:2)
  13 adders
  A shadow imp (D:5)
  3 white imps
  A worm (D:2)
  2 dart slugs
  85 orcs
  4 ball pythons
  4 bats
  3 endoplasms
  3 giant cockroaches
  18 goblins
  5 hobgoblins
  4 jackals (D:2)
  13 kobolds
  2 frilled lizards (D:1)
  6 rats
  A spectral orc (D:6)
  A bush (Lair:6)
  A foxfire (D:15)
787 creatures vanquished.

Vanquished Creatures (collateral kills)
  12 foxfires
12 creatures vanquished.

Vanquished Creatures (others)
  Donald (Swamp:1)
  A spriggan druid (Swamp:1)
  A bog body (Swamp:1)
  A wizard (D:8)
  A tyrant leech (Swamp:3)
  A human (D:14)
  A swamp worm (Swamp:1)
  An orc (D:8)
  992 foxfires
  77 fungi
  112 plants
1189 creatures vanquished.

Grand Total: 1988 creatures vanquished

Notes
Turn   | Place    | Note
-------+----------+-------------------------------------------
     0 | D:1      | Ijustatesigmund the Deep Elf Fire Elementalist began the
                  | quest for the Orb.
     0 | D:1      | Reached XP level 1. HP: 10/10 MP: 6/6
   822 | D:1      | Reached XP level 2. HP: 15/15 MP: 6/8
   825 | D:1      | Learned a level 2 spell: Scorch
  1223 | D:2      | Found Oga Ygaqudiu's Antique Weapon Shop.
  1346 | D:2      | Found Fouloh's Armour Shoppe.
  1437 | D:2      | Reached XP level 3. HP: 19/19 MP: 5/10
  1588 | D:2      | Noticed Terence
  1606 | D:2      | Killed Terence
  1762 | D:2      | Found Jolak's Weapon Boutique.
  1790 | D:2      | Reached XP level 4. HP: 24/24 MP: 10/12
  1817 | D:2      | Learned a level 4 spell: Flame Wave
  1821 | D:2      | Learned a level 3 spell: Stone Arrow
  2261 | D:2      | You fall into a shaft and drop 1 floor!
  2261 | D:3      | Noticed a sky beast
  2642 | D:2      | Noticed Robin
  2647 | D:2      | Killed Robin
  2657 | D:2      | Reached skill level 1 in Earth Magic
  2860 | D:3      | Killed a sky beast
  2861 | D:3      | Reached XP level 5. HP: 4/28 MP: 8/14
  3135 | D:3      | Reached skill level 5 in Spellcasting
  3265 | D:3      | Gained mutation: You are partially covered in iridescent
                  | scales. (AC +2) [potion of mutation]
  3265 | D:3      | Gained mutation: You are dopey. (Int -2) [potion of
                  | mutation]
  3265 | D:3      | Gained mutation: You have an increased reservoir of magic.
                  | (+10% MP) [potion of mutation]
  3265 | D:3      | Gained mutation: You possess an exceptional clarity of
                  | mind. [potion of mutation]
  3451 | D:3      | Noticed Grinder
  3452 | D:3      | Reached XP level 6. HP: 30/32 MP: 6/17
  3457 | D:3      | Paralysed by Grinder for 2 turns
  3463 | D:3      | Paralysed by Grinder for 5 turns
  3633 | D:4      | Reached skill level 5 in Fire Magic
  4131 | D:4      | Found a shimmering blue altar of Sif Muna.
  4196 | D:4      | Reached XP level 7. HP: 36/36 MP: 17/19
  4261 | D:4      | Found a snail-covered altar of Cheibriados.
  4312 | D:4      | Found a glowing golden altar of the Shining One.
  4405 | D:3      | Killed Grinder
  4504 | D:3      | Found a hide-covered altar of Uskayaw.
  4508 | D:3      | Noticed a +0 dagger
  4508 | D:3      | Noticed a +0 hand axe
  4636 | D:2      | Bought a +2 kite shield of protection for 279 gold pieces
  4802 | D:5      | Entered Level 5 of the Dungeon
  4870 | D:5      | Reached skill level 1 in Shields
  5105 | D:5      | Found a staircase to the Ecumenical Temple.
  5556 | D:5      | Reached XP level 8. HP: 41/41 MP: 16/21
  5584 | D:5      | Found a basalt altar of Yredelemnul.
  6561 | D:6      | Found Tatsaal's Book Shop.
  6622 | D:6      | Reached skill level 1 in Armour
  7417 | D:6      | Reached XP level 9. HP: 35/45 MP: 10/22
  7719 | D:6      | Found a hazy altar of Hepliaklqana.
  7843 | D:6      | Reached skill level 5 in Conjurations
  8650 | D:7      | Noticed Pikel
  9056 | D:7      | Killed Pikel
  9057 | D:7      | Reached skill level 5 in Earth Magic
  9263 | D:7      | HP: 1/45 [poisoned by a killer bee]
  9810 | D:7      | Noticed a kobold demonologist
  9813 | D:7      | Killed a kobold demonologist
  9890 | D:7      | Reached XP level 10. HP: 50/50 MP: 23/26
 10868 | D:8      | Found Suqagg's Antique Weapon Boutique.
 10873 | D:8      | Bought a smouldering rapier for 306 gold pieces
 10873 | D:8      | Identified the +5 rapier "Acwobbuw" {speed, Str+3} (You
                  | bought it in a shop on level 8 of the Dungeon)
 11407 | D:8      | Found a bloodstained altar of Trog.
 11408 | D:8      | Noticed a wizard
 11414 | D:8      | Killed a wizard
 12242 | D:9      | Found a stormy altar of Qazlal.
 12260 | D:9      | Reached skill level 1 in Fighting
 12383 | D:9      | Noticed a two-headed ogre
 12392 | D:9      | Killed a two-headed ogre
 12393 | D:9      | Reached skill level 5 in Armour
 12729 | D:10     | Entered Level 10 of the Dungeon
 12736 | D:10     | Noticed a two-headed ogre
 12743 | D:10     | Killed a two-headed ogre
 12782 | D:10     | Learned a level 6 spell: Iron Shot
 12887 | D:4      | Became a worshipper of Cheibriados the Contemplative
 13053 | D:10     | Found a blossoming altar of Fedhas.
 13060 | D:10     | Found Tokhicoefa's Antique Armour Shop.
 13150 | D:10     | Reached XP level 11. HP: 60/60 MP: 16/28
 13271 | D:10     | Reached skill level 1 in Invocations
 13392 | D:10     | Found a runed translucent door.
 13490 | D:10     | Noticed a two-headed ogre
 13493 | D:10     | Killed a two-headed ogre
 13564 | D:10     | Found a broken altar of Ashenzari.
 13564 | D:10     | Noticed a two-headed ogre
 13572 | D:10     | Killed a two-headed ogre
 13700 | D:10     | Noticed Jortsu's ghost (journeyman GnFi)
 13745 | D:10     | Identified 2 scrolls of acquirement
 13747 | D:10     | Acquired 938 gold pieces
 13751 | D:10     | Acquired the +2 cloak of Omission {rF+}
 13906 | D:11     | Noticed a two-headed ogre
 13919 | D:11     | Killed a two-headed ogre
 13919 | D:11     | Reached * piety under Cheibriados
 14077 | D:11     | Found a staircase to the Lair.
 14344 | D:11     | Reached skill level 10 in Spellcasting
 14344 | D:11     | Noticed Maurice
 14391 | D:11     | Killed Maurice
 14694 | D:11     | Upgraded the game from 0.29-a0-338-g1ff7896281 to
                  | 0.29-a0-341-g24ffce5b50
 14982 | D:11     | Identified the +0 plate armour "Wuul" {Dex+4}
 15272 | D:12     | Noticed a green ugly thing
 15437 | D:12     | Killed a green ugly thing
 15438 | D:12     | Reached skill level 5 in Invocations
 15631 | D:12     | Noticed a boulder beetle
 15636 | D:12     | Killed a boulder beetle
 15637 | D:12     | Reached skill level 5 in Dodging
 15663 | D:12     | Noticed a boulder beetle
 15708 | D:12     | Killed a boulder beetle
 15709 | D:12     | Reached XP level 12. HP: 30/64 MP: 6/30
 16829 | D:12     | Reached ** piety under Cheibriados
 17006 | D:12     | Found a staircase to the Orcish Mines.
 17589 | D:13     | Noticed a centaur warrior
 18008 | Lair:1   | Entered Level 1 of the Lair of Beasts
 18008 | Lair:1   | Noticed Gastronok
 18558 | Lair:1   | Killed Gastronok
 19162 | Lair:1   | Reached skill level 1 in Short Blades
 19295 | Lair:1   | Identified the +1 robe "Decvun" {rC+ Str+2 SInv}
 19652 | D:10     | Bought steaming steam dragon scales for 1440 gold pieces
 19652 | D:10     | Identified the +5 steam dragon scales of the Orb Guardian
                  | {SInv} (You bought it in a shop on level 10 of the Dungeon)
 19709 | D:10     | Killed Jortsu's ghost
 19973 | Lair:1   | Reached *** piety under Cheibriados
 20386 | Lair:2   | Noticed a five-headed hydra
 20386 | Lair:2   | Noticed a catoblepas
 20397 | Lair:2   | Killed a catoblepas
 20403 | Lair:2   | Killed a five-headed hydra
 20528 | Lair:2   | Noticed Urug
 20577 | Lair:2   | Noticed a five-headed hydra
 20586 | Lair:2   | Killed Urug
 20587 | Lair:2   | Reached skill level 10 in Fire Magic
 20587 | Lair:2   | Reached XP level 13. HP: 72/72 MP: 19/32
 20588 | Lair:2   | Noticed Sonja
 20606 | Lair:2   | Killed Sonja
 20799 | Lair:2   | Identified the +1 ring mail of Gallantry {Harm rPois Will+
                  | Str+2}
 20938 | Lair:2   | Reached **** piety under Cheibriados
 21099 | Lair:2   | Identified the +1 dagger "Wokoohas" {speed, rElec Str+4
                  | SInv Stlth-}
 21916 | Lair:2   | Reached skill level 10 in Conjurations
 21916 | Lair:2   | Reached skill level 10 in Earth Magic
 22418 | Lair:2   | Found a staircase to the Swamp.
 22650 | Lair:2   | Noticed Harold
 22655 | Lair:2   | Killed Harold
 23216 | Lair:3   | Found a staircase to the Snake Pit.
 23718 | Lair:3   | Noticed Amaemon
 23723 | Lair:3   | Killed Amaemon
 23938 | Lair:3   | Got Aro Kad's Guide on Scorching Flight
 24674 | Lair:4   | Reached ***** piety under Cheibriados
 24768 | Lair:4   | Reached skill level 5 in Stealth
 25820 | Lair:5   | Reached XP level 14. HP: 76/76 MP: 31/33
 25876 | Lair:5   | Found a dark tunnel.
 25883 | Volcano  | Entered a volcano
 28433 | Lair:6   | Entered Level 6 of the Lair of Beasts
 28651 | Lair:6   | Reached ****** piety under Cheibriados
 28907 | Lair:6   | Found a staircase to the Slime Pits.
 29582 | Lair:6   | Reached skill level 10 in Stealth
 30863 | Orc:1    | Entered Level 1 of the Orcish Mines
 31109 | Orc:1    | Reached XP level 15. HP: 80/80 MP: 34/34
 31260 | Orc:2    | Entered Level 2 of the Orcish Mines
 31411 | Orc:2    | Noticed an orc warlord
 31419 | Orc:2    | Killed an orc warlord
 33183 | Orc:2    | Reached skill level 5 in Fighting
 33203 | Orc:2    | Found a transporter.
 33207 | Orc:2    | Noticed oberejnoburuli's ghost (adept HuIE)
 33218 | Orc:2    | Identified the +8 dire flail of the Establishment {pain,
                  | rCorr Str+2 Stlth+}
 33218 | Orc:2    | Identified the +9 great mace "Conservator" {spect, rF+}
 33304 | Orc:2    | Found a transporter.
 33583 | Orc:2    | Found a staircase to the Elven Halls.
 33823 | Orc:2    | Found Cutaob's Book Boutique.
 33823 | Orc:2    | Found Kavveg's Assorted Antiques.
 33824 | Orc:2    | Found Yludgh's Assorted Antiques.
 33828 | Orc:2    | Found Qikef's Antique Armour Shop.
 33833 | Orc:2    | Bought a scroll of fog for 54 gold pieces
 33833 | Orc:2    | Bought 2 potions of heal wounds for 270 gold pieces
 33835 | Orc:2    | Bought a book of Sloth for 504 gold pieces
 33842 | Orc:2    | Learned a level 6 spell: Statue Form
 34080 | D:6      | Bought a book of Spectacle for 352 gold pieces
 34087 | D:6      | Learned a level 6 spell: Starburst
 34233 | D:13     | Reached skill level 1 in Transmutations
 34984 | D:13     | Reached skill level 10 in Invocations
 36131 | D:14     | Reached skill level 5 in Transmutations
 36316 | D:14     | Identified the +1 plate armour "Rygu" {Str+2 Dex+2}
 36327 | D:14     | Found a gate to the Vaults.
 36822 | D:15     | Entered Level 15 of the Dungeon
 37032 | D:15     | Learned a level 7 spell: Spellforged Servitor
 37298 | D:15     | Reached skill level 1 in Summonings
 37366 | D:15     | Found a shimmering altar of Xom.
 37503 | D:15     | Identified the ring "Vuodacad" {rF+ Str+6}
 37967 | D:15     | Found a staircase to the Depths.
 38238 | D:15     | Noticed Agnes
 38243 | D:15     | Killed Agnes
 39022 | Snake:1  | Entered Level 1 of the Snake Pit
 39092 | Snake:1  | Reached XP level 16. HP: 76/87 MP: 34/36
 39093 | Snake:1  | Reached skill level 5 in Summonings
 39321 | Swamp:1  | Entered Level 1 of the Swamp
 39689 | Swamp:1  | Noticed Josephine
 39812 | Swamp:1  | Killed Josephine
 40042 | Swamp:1  | Noticed Jorgrun
 40046 | Swamp:1  | Killed Jorgrun
 40331 | Swamp:1  | Noticed Nikola
 40332 | Swamp:1  | Noticed Donald
 40338 | Swamp:1  | Killed Donald
 40348 | Swamp:1  | Killed Nikola
 40349 | Swamp:1  | Reached skill level 5 in Shields
 40686 | Swamp:1  | Got the Compendium of Reanimation Made Easy
 40687 | Swamp:1  | Identified the +1 pair of boots "Raghuig" {Drain rElec
                  | rCorr Int+2}
 40726 | Swamp:1  | Noticed Frances
 40788 | Swamp:1  | Killed Frances
 41445 | Swamp:2  | Slain by a spriggan druid

Illustrated notes

Levels and vault maps discovered:
D:1:      dpeg_cavernosity, layout_loops_ring
D:2:      layout_loops_corners, serial_shops, shop, shop, shop, uniq_robin,
          uniq_terence
D:3:      layout_basic, dancing_weapons_uskayaw, item_on_display_a, uniq_grinder
D:4:      layout_rooms, marbit_many_paths, lemuel_tele_altar,
          kennysheep_little_box, hangedman_decor_opposing
D:5:      layout_basic, lemuel_mausoleum_altar_yredelemnul,
          minmay_temple_entry_mini_moons, amethyst_killhole
D:6:      minmay_evil_eye, layout_rooms, nicolae_hepliaklqana_monster_ancestors,
          serial_shops, shop
D:7:      layout_rooms, kb_rosetta, uniq_pikel
D:8:      layout_loops_cross, trog_wizard, serial_shops, shop, minivault_4
D:9:      layout_rooms, old_standard_altar, corexii_checkpoint_b,
          chequers_serial_rivers_small_a
D:10:     layout_gridville, mainiacjoe_overflow_six_doors_small, fedhas_altar_1,
          ebering_ghost_reflecting_pool, serial_shops, shop_statue
D:11:     layout_basic, lair_entry_dummy, uniq_maurice
D:12:     layout_cave_pools, erik_orc_1
D:13:     layout_cave_pods, dk_noncrumbling_4, chequers_serial_rivers_micro_e
D:14:     layout_loops_corners, ximxim_vaults_locker_room, glass_columns_a,
          minmay_misc_feat_four_crosses
D:15:     gammafunk_enter_depths_forms, layout_irregular_city, xom_teletrap_fun,
          uniq_agnes
Lair:1:   layout_gridlike, grunt_megastairs_1, uniq_gastronok
Lair:2:   nzn_winding_woodlands_stair_trap [nzn_winding_woodlands_5x15_zeroes,
          nzn_winding_woodlands_5x15_crooked,
          nzn_winding_woodlands_5x15_lazy_stream,
          nzn_winding_woodlands_15x15_five_gardens,
          nzn_winding_woodlands_5x15_jagged, nzn_winding_woodlands_5x15_cabin,
          nzn_winding_woodlands_5x15_eye], layout_regular_city,
          minmay_swamp_entry_worms, uniq_urug, uniq_sonja, uniq_harold
Lair:3:   layout_cave_pods, guppyfry_snake_entry_island, uniq_amaemon
Lair:4:   layout_gridlike, lemuel_fruit_tree
Lair:5:   layout_loops_ring, nicolae_volcano_entry_hallway, st_stairs_11,
          grunt_megastairs_2, infiniplex_staircase_pool
Lair:6:   gammafunk_lair_ancient_temple, layout_cave_pods,
          minmay_slime_entry_oklob_enclosed
Swamp:1:  layout_basic_swamp, nicolae_swamp_feature_on_the_river_bank,
          swamp_pool2, nicolae_swamp_necromancy_gone_wrong, uniq_donald,
          uniq_jorgrun, uniq_josephine, uniq_frances, uniq_nikola
Swamp:2:  layout_falls_marsh, nicolae_swamp_round_clearing, swamp_pool4,
          st_swamp_ruins_3
Swamp:3:  layout_falls_marsh, evilmike_swamp_ruin_rubble_2, uniq_aizul
Snake:1:  layout_rooms, portal_ice_cave_entry_ice_statue_one,
          nrook_guardian_serpent_ordinary
Orc:1:    layout_caves
Orc:2:    st_orc_mages, layout_caves, gammafunk_ghost_smash

Skill      XL: |  1  2  3  4  5  6  7  8  9 10 11 12 13 14 15 16 |
---------------+-------------------------------------------------+-----
Conjurations   | 2 3 4 6 8 9 11 13 | 13.8
Spellcasting   | 4 5 6 8 9 10 11 | 11.2
Fire Magic     | 4 5 7 8 9 10 | 10.4
Earth Magic    | 1 2 3 5 6 7 8 11 13 | 13.8
Shields        | 3 4 6 |  6.3
Armour         | 4 5 7 |  7.5
Dodging        | 3 5 8 |  8.8
Fighting       | 3 4 5 |  5.0
Invocations    | 5 9 11 12 | 12.4
Short Blades   | 2 |  2.3
Stealth        | 5 10 | 10.4
Transmutations | 6 |  6.8
Summonings     | 4 6 |  6.3

Action                   |  1- 3 |  4- 6 |  7- 9 | 10-12 | 13-15 | 16-18 || total
-------------------------+-------+-------+-------+-------+-------+-------++-------
Melee: Dagger            |       |     2 |     3 |    34 |    75 |    13 ||   127
       Rapier            |       |       |       |     7 |       |       ||     7
 Cast: Foxfire           |    42 |    85 |   121 |   112 |   216 |    26 ||   602
       Scorch            |     2 |    10 |    94 |    18 |     8 |       ||   132
       Flame Wave        |       |     3 |     2 |    38 |    65 |     1 ||   109
       Stone Arrow       |       |     2 |    18 |   191 |   108 |     1 ||   320
       Iron Shot         |       |       |       |     4 |   251 |    81 ||   336
       Starburst         |       |       |       |       |     9 |     7 ||    16
       Statue Form       |       |       |       |       |     1 |     1 ||     2
Invok: Bend Time         |       |       |       |     2 |     1 |       ||     3
       Slouch            |       |       |       |       |     5 |       ||     5
       Step From Time    |       |       |       |       |     1 |       ||     1
Evoke: Wand              |       |       |       |    18 |     1 |     3 ||    22
  Use: Scroll            |     6 |     4 |     6 |    14 |    11 |     6 ||    47
       Potion            |       |     3 |     3 |     2 |     6 |     7 ||    21
 Stab: Petrified         |       |       |       |     3 |     8 |       ||    11
       Sleeping          |       |       |       |       |     5 |     1 ||     6
       Distracted        |       |       |       |       |     1 |       ||     1
Armor: Robe              |       |    10 |     4 |       |       |       ||    14
       Leather armour    |       |       |    15 |    11 |     1 |     3 ||    30
       Acid dragon scale |       |       |       |    31 |     1 |       ||    32
       Steam dragon scal |       |       |       |    12 |    71 |       ||    83
       Swamp dragon scal |       |       |       |       |       |    25 ||    25
Dodge: Dodged            |    18 |    31 |    89 |   110 |   217 |    87 ||   552
Block: Kite shield       |       |       |   110 |   121 |   257 |    67 ||   555

Table legend: (Time is in decaauts)
 A = Elapsed time spent in this place.
 B = Non-inter-level travel time spent in this place.
 C = Inter-level travel time spent in this place.
 D = Time resting spent in this place.
 E = Time spent auto-exploring this place.
 F = Levels seen in this place.
 G = Mean time per level.
                   A        B        C        D        E       F      G
               +--------+--------+--------+--------+--------+-----+--------+
         Total |  52112 |  48433 |   3679 |  16273 |  25403 |  28 | 1861.1 |
       Dungeon |  27669 |  25563 |   2106 |   9855 |  12515 |  15 | 1844.6 |
          Lair |  16658 |  15280 |   1378 |   4033 |   9340 |   6 | 2776.3 |
         Swamp |   2410 |   2319 |     91 |    293 |   1406 |   3 |  803.3 |
     Snake Pit |    149 |    149 |      0 |      0 |     91 |   1 |  149.0 |
  Orcish Mines |   4015 |   3912 |    103 |   1249 |   1953 |   2 | 2007.5 |
       Volcano |   1208 |   1208 |      0 |    843 |     96 |   1 | 1208.0 |
               +--------+--------+--------+--------+--------+-----+--------+

Top non-repeatable levels by time:
  Lair:2: 4409 daAuts
  Lair:6: 3298 daAuts
    D:12: 2730 daAuts
    D:15: 2727 daAuts
    D:11: 2712 daAuts
    D:14: 2697 daAuts
  Lair:1: 2361 daAuts
  Lair:5: 2288 daAuts
 Swamp:1: 2280 daAuts
     D:6: 2219 daAuts
     D:2: 2206 daAuts
  Lair:4: 2191 daAuts
   Orc:2: 2117 daAuts
  Lair:3: 2109 daAuts
    D:13: 2090 daAuts
